 Dungeon Crawl Stone Soup version 0.31-a0-152-g6aa68a64a1 (webtiles) character file.

Game seed: 12995640242512393579

188 lmSkywalker the Vexing (level 5, -5/41 HPs)
             Began as a Gnoll Hexslinger on June 9, 2023.
             Asphyxiated
             ... in a sewer.
             The game lasted 00:17:45 (4138 turns).

lmSkywalker the Vexing (Gnoll Hexslinger)           Turns: 4138, Time: 00:17:46

Health: -5/41      AC:  4    Str:  7    XL:     5   Next: 67%
Magic:  9/9        EV: 13    Int: 15    God:
Gold:   144        SH:  0    Dex: 14    Spells: 6/10 levels left

rFire   . . .        a - +1 sling
rCold   . . .        (no shield)
rNeg    . . .        e - +0 leather armour
rPois   .            (no helmet)
rElec   .            (no cloak)
rCorr   .            s - +0 pair of gloves
SInv    .            (no boots)
Will    .....        (no amulet)
Stlth   ++           (no ring)
HPRegen 0.26/turn    (no ring)
MPRegen 0.11/turn

%: no passive effects
@: lethally poisoned (-5 -> -21), slowed, very slow
A: fangs 1, strong nose, distributed training
a: no special abilities


You were in a sewer.
You visited 1 branch of the dungeon, and saw 4 of its levels.
You also visited: Sewer.

You collected 144 gold pieces.

Inventory:

Hand Weapons
 a - a +1 sling (weapon)
 q - a +0 quarterstaff
 t - a +0 flail of protection
 u - a +0 triple sword
Armour
 c - a +0 robe
 e - a +0 leather armour (worn)
 o - a +0 ring mail
 s - a +0 pair of gloves (worn)
Wands
 n - a wand of paralysis (5)
Scrolls
 b - a scroll of poison
 d - a scroll of noise {unknown}
 k - a scroll of magic mapping
 l - 2 scrolls of fog {unknown}
 m - a scroll of fear {unknown}
 r - a scroll of immolation {unknown}
 v - 2 scrolls of teleportation {unknown}
Potions
 g - 3 potions of enlightenment
 h - a potion of cancellation
 i - 2 potions of mutation
 p - a potion of lignification {unknown}


   Skills:
 + Level 3.1 Fighting
 + Level 1.6 Short Blades
 + Level 1.6 Long Blades
 + Level 1.6 Axes
 + Level 1.6 Maces & Flails
 + Level 1.6 Polearms
 + Level 1.6 Staves
 + Level 4.8 Ranged Weapons
 + Level 1.6 Throwing
 + Level 1.6 Armour
 + Level 4.8 Dodging
 + Level 1.6 Stealth
 + Level 1.6 Shields
 + Level 1.6 Unarmed Combat
 + Level 3.2 Spellcasting
 + Level 1.3 Conjurations
 + Level 5.6 Hexes
 + Level 1.3 Summonings
 + Level 1.3 Necromancy
 + Level 1.3 Translocations
 + Level 1.3 Transmutations
 + Level 1.3 Fire Magic
 + Level 1.3 Ice Magic
 + Level 1.3 Air Magic
 + Level 1.3 Earth Magic
 + Level 1.3 Poison Magic
 + Level 1.9 Invocations
 + Level 1.6 Evocations


You had 6 spell levels left.
You knew the following spells:

 Your Spells              Type           Power      Damage    Failure   Level
a - Slow                  Hex            76%        N/A       2%          1
b - Inner Flame           Hex/Fire       12%        N/A       21%         3

Your spell library contained the following spells:

 Spells                   Type           Power      Damage    Failure   Level
 Portal Projectile        Hex/Tloc       24%        N/A       21%         3
 Cause Fear               Hex            9%         N/A       28%         4


Dungeon Overview and Level Annotations

Branches:
Dungeon (4/15)              Sewer (1/1)
 Temple: D:4-7

Altars:


Innate Abilities, Weirdness & Mutations

You have very sharp teeth.
Your uncanny sense of smell can sniff out nearby items.
Your experience applies equally to all skills.


Message History

You feel as though you will be slow longer.
Casting: Slow (safe; 2% risk of failure)
Confirm with . or Enter, or press ? or * to list all spells.
Aiming: Slow (safe; 2% risk of failure)
Press: ? - help, Shift-Dir - straight line, f/p - kobold brigand
Aim: a kobold brigand, wielding a +0 dagger and quivering curare-tipped darts (chance to affect: 51%)
The kobold brigand seems to slow down.
* * * LOW HITPOINT WARNING * * *
You feel very sick.
You enter the shallow water.
Moving in this stuff is going to be slow.
* * * LOW HITPOINT WARNING * * *
You feel very sick.
* * * LOW HITPOINT WARNING * * *
You feel very sick.
* * * LOW HITPOINT WARNING * * *
You feel sick.
You feel better.
You enter the shallow water.
Moving in this stuff is going to be slow.
The kobold brigand throws a curare-tipped dart.
The curare-tipped dart hits you.
You are poisoned.
You have difficulty breathing.
* * * LOW HITPOINT WARNING * * *
You feel as though you will be slow longer.
* * * LOW HITPOINT WARNING * * *
You feel very sick.
You enter the shallow water.
Moving in this stuff is going to be slow.
* * * LOW HITPOINT WARNING * * *
You feel very sick.
The kobold brigand is no longer moving slowly.
* * * LOW HITPOINT WARNING * * *
You feel very sick.
The kobold brigand throws a curare-tipped dart.
The curare-tipped dart hits you.
You are more poisoned.
You have difficulty breathing.
You die...

##....~~~## #~~~~~
~.~~####~~.~...####.~~.~
#..~.##~~..~~.~~##~~..##
#~~~.~~~~~~~.~~~.~..##
#~~...~.~....~..~.##
#.~..~........~~.~#
#~~~~~~.∩.∩.~~~~~~#
#~~~.~~......~..~~#
##~..~@.....~~~..~~## ~~#####
##~~~.....~~....~.~~.##
#~~.~~####..~.##..~~~~.~~##.~~.##
~~###~w.~~.K~####~~~.~..####.~...
#~~~~~w~~# ##~.~~~..## #...~~
#~......####.~~~~~~..####~.~.
~~.~########.~~.~.~~~.~~~######
##### #..~~.#####~...~# #..~.##
##~.~.#


You could see a kobold brigand and a worm.

Vanquished Creatures
  A gnoll (D:3)
  A river rat (Sewer)
  8 adders
  4 worms
  A dart slug (D:1)
  4 orcs (D:3)
  7 endoplasms
  3 giant cockroaches
  6 goblins
  6 hobgoblins
  4 jackals
  2 quokkas
  13 ball pythons
  8 bats
  A frilled lizard (D:3)
  5 kobolds
  9 rats
83 creatures vanquished.

Notes
Turn   | Place    | Note
-------+----------+-------------------------------------------
     0 | D:1      | lmSkywalker the Gnoll Hexslinger began the quest for the
                  | Orb.
     0 | D:1      | Reached XP level 1. HP: 17/17 MP: 4/4
    79 | D:1      | You fall into a shaft and drop 1 floor!
   202 | D:1      | Reached XP level 2. HP: 20/23 MP: 5/5
  1221 | D:1      | Reached XP level 3. HP: 28/28 MP: 7/7
  1556 | D:2      | Reached skill level 1 in Invocations
  1792 | D:2      | Reached skill level 1 in Short Blades
  1792 | D:2      | Reached skill level 1 in Long Blades
  1792 | D:2      | Reached skill level 1 in Axes
  1792 | D:2      | Reached skill level 1 in Maces & Flails
  1792 | D:2      | Reached skill level 1 in Polearms
  1792 | D:2      | Reached skill level 1 in Staves
  1792 | D:2      | Reached skill level 1 in Throwing
  1792 | D:2      | Reached skill level 1 in Armour
  1792 | D:2      | Reached skill level 1 in Stealth
  1792 | D:2      | Reached skill level 1 in Shields
  1792 | D:2      | Reached skill level 1 in Unarmed Combat
  1792 | D:2      | Reached skill level 1 in Evocations
  1812 | D:2      | Reached XP level 4. HP: 8/34 MP: 6/8
  2279 | D:3      | Reached skill level 1 in Conjurations
  2279 | D:3      | Reached skill level 1 in Summonings
  2279 | D:3      | Reached skill level 1 in Necromancy
  2279 | D:3      | Reached skill level 1 in Translocations
  2279 | D:3      | Reached skill level 1 in Transmutations
  2279 | D:3      | Reached skill level 1 in Fire Magic
  2279 | D:3      | Reached skill level 1 in Ice Magic
  2279 | D:3      | Reached skill level 1 in Air Magic
  2279 | D:3      | Reached skill level 1 in Earth Magic
  2279 | D:3      | Reached skill level 1 in Poison Magic
  3073 | D:3      | Reached XP level 5. HP: 34/40 MP: 9/9
  3178 | D:3      | Learned a level 3 spell: Inner Flame
  3360 | D:4      | Found a glowing drain.
  3364 | Sewer    | Entered a sewer
  3595 | Sewer    | Noticed a kobold brigand
  4122 | Sewer    | Noticed a kobold brigand
  4131 | Sewer    | HP: 2/41 [poisoned by a kobold brigand (curare-tipped
                  | dart)]
  4138 | Sewer    | HP: 2/41 [poisoned by a kobold brigand (curare-tipped
                  | dart)]
  4138 | Sewer    | Asphyxiated

Illustrated notes

Levels and vault maps discovered:
D:1:      evilmike_arrival_rings, layout_loops_ring
D:2:      layout_basic
D:3:      layout_rooms, lightli_corner_chamber
D:4:      layout_cave_pools, gup_sewer_entry_bowl, grunt_ministairs_9
Sewer:    sewer_co_tree

Skill      XL: |  1  2  3  4  5 |
---------------+----------------+-----
Invocations    | 1 |  1.9
Short Blades   | 1 |  1.6
Long Blades    | 1 |  1.6
Axes           | 1 |  1.6
Maces & Flails | 1 |  1.6
Polearms       | 1 |  1.6
Staves         | 1 |  1.6
Throwing       | 1 |  1.6
Armour         | 1 |  1.6
Stealth        | 1 |  1.6
Shields        | 1 |  1.6
Unarmed Combat | 1 |  1.6
Evocations     | 1 |  1.6
Spellcasting   | 3 |  3.2
Conjurations   | 1 |  1.3
Summonings     | 1 |  1.3
Necromancy     | 1 |  1.3
Translocations | 1 |  1.3
Transmutations | 1 |  1.3
Fire Magic     | 1 |  1.3
Ice Magic      | 1 |  1.3
Air Magic      | 1 |  1.3
Earth Magic    | 1 |  1.3
Poison Magic   | 1 |  1.3
Fighting       | 3 |  3.1
Ranged Weapons | |  4.8
Dodging        | |  4.8
Hexes          | |  5.6

Action                     |  1- 3 |  4- 6 || total
---------------------------+-------+-------++-------
   Fire: Sling             |   123 |   201 ||   324
   Cast: Slow              |     8 |    18 ||    26
         Inner Flame       |       |     1 ||     1
    Use: Potion            |     3 |     3 ||     6
         Scroll            |       |     4 ||     4
 Armour: Robe              |    10 |    11 ||    21
         Leather armour    |       |     5 ||     5
  Dodge: Dodged            |    43 |    93 ||   136

Table legend: (Time is in decaauts)
 A = Elapsed time spent in this place.
 B = Non-inter-level travel time spent in this place.
 C = Inter-level travel time spent in this place.
 D = Time resting spent in this place.
 E = Time spent auto-exploring this place.
 F = Levels seen in this place.
 G = Mean time per level.
                   A        B        C        D        E       F      G
               +--------+--------+--------+--------+--------+-----+--------+
         Total |   4274 |   4111 |    163 |   1375 |    573 |   5 |  854.8 |
       Dungeon |   3390 |   3227 |    163 |    967 |    573 |   4 |  847.5 |
         Sewer |    884 |    884 |      0 |    408 |      0 |   1 |  884.0 |
               +--------+--------+--------+--------+--------+-----+--------+

Top non-repeatable levels by time:
     D:1: 1406 daAuts
     D:3: 1075 daAuts
   Sewer: 884 daAuts
     D:2: 789 daAuts
     D:4: 118 daAuts
